 Dungeon Crawl Stone Soup version 0.25-a0-547-g27a0b5d1ef (webtiles) character file.

Game seed: 15356678062231300095, levelgen mode: classic

854 EnegeticOcto the Chopper (level 7, 51/67 HPs)
             Began as a Deep Dwarf Fighter on Feb 21, 2020.
             Quit the game in the Ecumenical Temple.
             The game lasted 00:01:32 (2010 turns).

EnegeticOcto the Chopper (Deep Dwarf Fighter)       Turns: 2010, Time: 00:01:32

Health: 51/67      AC:  7    Str: 21    XL:     7   Next: 70%
Magic:  4/4        EV:  9    Int:  9    God:
Gold:   175        SH: 11    Dex: 12    Spells: 6/6 levels left

rFire    . . .     SeeInvis .   a - +0 war axe
rCold    . . .     Gourm    .   c - +1 kite shield
rNeg     . . .     Faith    .   b - +0 scale mail
rPois    .         Spirit   .   (no helmet)
rElec    .         Reflect  .   (no cloak)
rCorr    .         Harm     .   (no gloves)
MR       +....                  (no boots)
Stlth    ..........             (no amulet)
HPRegen  0.00/turn              (no ring)
MPRegen  0.09/turn              (no ring)

@: non-regenerating
A: damage resistance, heal wounds, sense surroundings 1, no regeneration
a: Heal Wounds


You were in the Ecumenical Temple.
You were not hungry.

You visited 2 branches of the dungeon, and saw 7 of its levels.

You collected 175 gold pieces.

Inventory:

Hand Weapons
 a - a +0 war axe (weapon)
Armour
 b - a +0 scale mail (worn)
 c - a +1 kite shield (worn)
Scrolls
 i - a scroll of identify {@r1}
 j - 4 scrolls of remove curse {@r6}
Potions
 f - a potion of lignification {unknown}
 g - a potion of curing {@q1}
 h - 2 potions of haste {unknown}
 k - a potion of might {@q3}
 l - a potion of mutation {unknown}
 r - a potion of brilliance
Comestibles
 d - 4 chunks of flesh
 e - 4 rations


   Skills:
 * Level 5.0 Fighting
 * Level 5.5 Axes
 + Level 4.7 Armour
 + Level 3.4 Dodging
 + Level 4.8 Shields


You had 6 spell levels left.
You didn't know any spells.
Your spell library was empty.

Dungeon Overview and Level Annotations

Branches:
Dungeon (6/15)             Temple (1/1) D:6

Altars:
Cheibriados
Dithmenos
Elyvilon
Fedhas
Gozag
Kikubaaqudgha
Qazlal
Trog
Uskayaw
Wu Jian
The Shining One


Innate Abilities, Weirdness & Mutations

You are resistant to damage.
You can heal yourself by infusing magical energy.
You passively map a small area around you.
You do not regenerate.


Message History

You see here a +0 giant club.
Found a ring mail.
Some of the chunks of flesh in your inventory have rotted away.
Eating one of 2 chunks of flesh.
You eat one of the 2 chunks of flesh.
This raw flesh tastes terrible.
A howler monkey comes into view.
A howler monkey is nearby!
A howler monkey is nearby!
A howler monkey is nearby!
The howler monkey hoots and howls with incredible vigour!
You hear an angry hiss.
You hear a bark!
You block the howler monkey's attack. The howler monkey hits you.
You closely miss the howler monkey. You block the howler monkey's attack.
You slash the howler monkey!
The howler monkey is heavily wounded.
You block the howler monkey's attack.
The howler monkey hoots and howls with incredible vigour!
You closely miss the howler monkey.
The howler monkey is heavily wounded.
The howler monkey barely misses you.
Your scale mail prevents you from hitting the howler monkey.
The howler monkey is heavily wounded.
The howler monkey hoots and howls with incredible vigour!
You block the howler monkey's attack.
You hear a bark!
You hear an angry hiss.
You closely miss the howler monkey.
The howler monkey is heavily wounded.
The howler monkey barely misses you.
You slash the howler monkey!
The howler monkey is almost dead.
You block the howler monkey's attack. x2
You slash the howler monkey!
You kill the howler monkey!
Your Fighting skill increases to level 5!
No target in view!
No target in view!
You butcher the howler monkey corpse.
d - 3 chunks of flesh (gained 2)
You see here a howler monkey skeleton. x2
A leopard gecko comes into view.
A leopard gecko is nearby!
A leopard gecko is nearby!
A leopard gecko is nearby!
A shadow imp comes into view.
The shadow imp shouts!
You slash the leopard gecko!
You kill the leopard gecko!
Found a staircase to the Ecumenical Temple.
You see here a leopard gecko corpse.
You block the shadow imp's attack.
There is an open door here.
You closely miss the shadow imp. You block the shadow imp's attack.
You hit the shadow imp but do no damage.
The shadow imp hits you. You block the shadow imp's attack.
You closely miss the shadow imp. You block the shadow imp's attack.
You closely miss the shadow imp. The shadow imp hits you.
You slash the shadow imp!
You kill the shadow imp!
You butcher the leopard gecko corpse.
d - 5 chunks of flesh (gained 2)
You see here a leopard gecko skeleton. x2
There is an open door here.
There is an open door here.
Some of the chunks of flesh in your inventory have rotted away.
An orc comes into view. It is wielding a +0 club.
An orc is nearby!
An orc is nearby!
An orc is nearby!
You closely miss the orc. The orc closely misses you.
The orc hits you with a +0 club.
You closely miss the orc. The orc hits you but does no damage.
You barely miss the orc. The orc hits you with a +0 club.
You hit the orc.
The orc is moderately wounded.
The orc misses you.
You hit the orc.
You kill the orc!
No target in view!
No target in view!
No target in view!
No target in view!
(D) Dungeon (T) Temple
Where to? (Enter - D:6, ? - help)
There is an open door here.
There is an open door here.
There is a staircase to the Ecumenical Temple here.
You climb downwards.
Welcome to the Ecumenical Temple!
Found a snail-covered altar of Cheibriados.
There is a staircase back to the Dungeon here.
Found two altars.
Found an opulent altar of Gozag.
Found a blossoming altar of Fedhas and a bloodstained altar of Trog.
Found a stormy altar of Qazlal.
There is a fountain of clear blue water here.
There is a stormy altar of Qazlal here.
Found a white marble altar of Elyvilon.
Found an ornate altar of the Wu Jian Council.
Found an ancient bone altar of Kikubaaqudgha.
Done exploring.
Are you sure you want to abandon this character and quit the game? (Confirm with "yes".)

##### #...#
#####...#####
#...#...#...#
#####._......._.#
#...#...#####...#
#####.⌠....##...##...
#...#...#####._.#####
#._.@..##...........#
#...#...#.⌠.#####.⌠.#
#####._.....#...#....
#...##.##._.##.##
#####...#...#...#
#._......._.#
#...##.##...#
#####...##### #.<.#


There were no monsters in sight!

Vanquished Creatures
  A phantom (D:4)
  A centaur (D:5)
  4 ogres
  A scorpion (D:4)
  A howler monkey (D:6)
  A centaur zombie (D:6)
  A hound (D:4)
  A bullfrog zombie (D:5)
  An orc wizard (D:4)
  2 iguanas
  3 adders (D:4)
  A shadow imp (D:6)
  5 dart slugs
  3 leopard geckos
  4 orcs
  4 bats
  2 giant cockroaches
  A goblin (D:3)
  6 hobgoblins
  4 jackals
  3 kobolds
  2 quokkas (D:4)
  2 rats (D:2)
54 creatures vanquished.

Notes
Turn   | Place    | Note
-------+----------+-------------------------------------------
     0 | D:1      | EnegeticOcto the Deep Dwarf Fighter began the quest for the
                  | Orb.
     0 | D:1      | Reached XP level 1. HP: 20/20 MP: 1/1
   114 | D:1      | Reached XP level 2. HP: 18/27 MP: 2/2
   372 | D:2      | Reached skill level 1 in Dodging
   452 | D:3      | Reached XP level 3. HP: 33/34 MP: 3/3
   755 | D:4      | Noticed a phantom
   813 | D:4      | Killed a phantom
   813 | D:4      | Reached XP level 4. HP: 35/43 MP: 4/4
   813 | D:4      | Reached XP level 5. HP: 40/49 MP: 5/5
   852 | D:4      | Noticed an ogre
   870 | D:4      | Killed an ogre
   989 | D:4      | Reached XP level 6. HP: 54/57 MP: 5/5
  1491 | D:5      | Entered Level 5 of the Dungeon
  1582 | D:6      | Reached XP level 7. HP: 32/66 MP: 6/6
  1606 | D:6      | Reached skill level 5 in Axes
  1712 | D:6      | Found a shadowy altar of Dithmenos.
  1899 | D:6      | Reached skill level 5 in Fighting
  1917 | D:6      | Found a staircase to the Ecumenical Temple.
  1967 | Temple   | Entered the Ecumenical Temple
  2010 | Temple   | Quit the game

Levels and vault maps discovered:
D:1:      dpeg_arrival_lava_altar, layout_loops_corners
D:2:      layout_basic, first_ration, chequers_serial_rivers_small_a,
          minmay_splitting_lines
D:3:      layout_basic
D:4:      layout_cave_pods, kennysheep_generic_room_9
D:5:      layout_cave_pools, serial_co_window_serial, co_window_paths_b,
          co_window_paths_b, co_window_corner_a, co_window_paths_b,
          co_window_corner_a, co_window_broadway_a, co_window_of_opportunity_c,
          co_window_2corner, co_window_corner_cb, co_window_broadway_b,
          co_window_corner_ca, co_window_paths_e, glass_columns_a,
          glass_columns_b, glass_columns_b, glass_columns_b, uniq_menkaure
D:6:      layout_loops_ring, nicolae_overflow_crystal_walls,
          minmay_temple_entry_glassed_door, hangedman_abyss_or_decor_stagger
Temple:   eino_wide_crystal_templ

Skill      XL: |  1  2  3  4  5  6  7 |
---------------+----------------------+-----
Fighting       | 3 4 5 |  5.0
Dodging        | 1 2 3 |  3.4
Axes           | 3 4 5 |  5.5
Armour         | 4 |  4.7
Shields        | 4 |  4.8

Action                   |  1- 3 |  4- 6 |  7- 9 || total
-------------------------+-------+-------+-------++-------
Melee: War axe           |   115 |    57 |    43 ||   215
 Abil: Heal Wounds       |     3 |     8 |     4 ||    15
  Use: Scroll            |       |    10 |       ||    10
  Eat: Chunk             |       |     3 |     1 ||     4
Armor: Scale mail        |    43 |    13 |     3 ||    59
Dodge: Dodged            |    31 |    18 |    12 ||    61
Block: Kite shield       |    63 |    25 |    22 ||   110

Table legend:
 A = Non-vault XP
 B = Vault XP
 C = Vault XP percentage of total XP
 D = Non-vault monster count
 E = Vault monster count
 F = Vault count percentage of total count
                 A         B        C        D         E       F
            +---------+---------+-------+---------+---------+-------
      Total |    1221 |       0 |   0.0 |      54 |       0 |   0.0
            +---------+---------+-------+---------+---------+-------
        D:1 |      28 |       0 |   0.0 |      12 |       0 |   0.0
        D:2 |      12 |       0 |   0.0 |       5 |       0 |   0.0
        D:3 |      17 |       0 |   0.0 |       9 |       0 |   0.0
        D:4 |     488 |       0 |   0.0 |      16 |       0 |   0.0
        D:5 |     159 |       0 |   0.0 |       2 |       0 |   0.0
        D:6 |     517 |       0 |   0.0 |      10 |       0 |   0.0
            +---------+---------+-------+---------+---------+-------
